 Dungeon Crawl Stone Soup version 0.18.1-50-g88ac8fd (webtiles) character file.

121 Kirkhe the Insei (level 5, -2/33 HPs)
             Began as an Octopode Transmuter on Oct 10, 2016.
             Slain by a hobgoblin
             ... wielding a +0 club
              (3 damage)
             ... while paralysed by Grinder
             ... on level 3 of the Dungeon.
             The game lasted 00:04:22 (1929 turns).

Kirkhe the Insei (Octopode Transmuter)              Turns: 1929, Time: 00:04:22

Health: -2/33      AC:  1    Str:  6 (9)  XL:     5   Next: 5%
Magic:  8/9        EV:  2    Int: 16      God:
Gold:   81         SH:  0    Dex: 12 (13) Spells: 2 memorised, 6 levels left

rFire  . . .     SeeInvis .       - Unarmed
rCold  . . .     Gourm    .     (no shield)
rNeg   . . .     Faith    .     (helmet restricted)
rPois  .         Spirit   .     (no amulet)
rElec  .         Dismiss  .     (no ring)
rCorr  .         Reflect  .     (no ring)
SustAt .         Harm     .     (no ring)
MR     .....                    (no ring)
Stlth  ++........               (no ring)
                                (no ring)
                                (no ring)
                                (no ring)

@: paralysed, appendage, not resistant to hostile enchantments, unstealthy
A: almost no armour, amphibious, 8 rings, constrict 8, tentacle spike 3,
camouflage 1, gelatinous body 1
a: End Transformation


You were on level 3 of the Dungeon.
You were not hungry.
One of your tentacles had a temporary spike.
You visited 1 branch of the dungeon, and saw 3 of its levels.

You collected 81 gold pieces.

Inventory:

Missiles
 a - 34 arrows
 e - 36 poisoned needles
 r - 2 needles of sleeping
Armour
 l - a +0 shield
Scrolls
 g - a scroll of fog
 m - a scroll of remove curse
Potions
 f - a potion of heal wounds
 h - 2 potions of curing
 n - a potion of brilliance
 o - a potion of ambrosia
Books
 b - a book of Changes

   Spells                             Type                      Level
   a - Beastly Appendage              Transmutation                1
   b - Sticks to Snakes               Transmutation                2
   c - Spider Form                    Transmutation/Poison         3
   d - Ice Form                       Ice/Transmutation            4
   e - Blade Hands                    Transmutation                5
Comestibles
 c - 4 bread rations
 d - a beef jerky
 p - a royal jelly


   Skills:
 - Level 1.0 Fighting
 - Level 2.0 Dodging
 + Level 4.4 Unarmed Combat
 + Level 3.0 Spellcasting
 + Level 2.8 Transmutations


You had 6 spell levels left.
You knew the following spells:

 Your Spells              Type           Power        Failure   Level  Hunger
a - Beastly Appendage     Trmt           ##....       8%          1    #......
b - Spider Form           Trmt/Pois      #.........   34%         3    ###....


Dungeon Overview and Level Annotations

Branches:
Dungeon (3/15)

Altars:
Gozag
Yredelemnul
Zin

Annotations:
D:3 Grinder


Innate Abilities, Weirdness & Mutations

You cannot wear most types of armour.
You are amphibious.
You can wear up to eight rings at the same time.
You can use your tentacles to constrict eight enemies at once.
Your skin changes colour to match your surroundings (Stealth).
Your rubbery body absorbs attacks (AC +1).
One of your tentacles bears a large vicious spike.


Message History

You constrict Grinder. Grinder barely misses you.
You tentacle-slap Grinder but do no damage.
Grinder is lightly wounded.
You constrict Grinder. Grinder barely misses you. Grinder closely misses you.
You tentacle-slap Grinder but do no damage.
Your tentacle spike misses Grinder.
Grinder is lightly wounded.
You constrict Grinder, but do no damage.
Grinder hits you.
You writhe in agony.
The hobgoblin hits you with a club.
You tentacle-slap Grinder but do no damage.
Grinder is lightly wounded.
You constrict Grinder. Grinder gestures at you.
You suddenly lose the ability to move!
You lose your grip on Grinder.
Grinder gestures at you. Pain shoots through your body!
* * * LOW HITPOINT WARNING * * *
A goblin comes into view. It is wielding a club.
The hobgoblin hits you with a club.
You die...

######
#....#
#####..<.#
.........#
#####..@.#
#..g5#
###.## #.#
#.# ..#
... g.#


You could see Grinder, a hobgoblin and a goblin (wandering).

Vanquished Creatures
  Crazy Yiuf (D:2)
  Jessica (D:2)
  An adder (D:2)
  2 worms (D:2)
  2 dart slugs (D:1)
  3 giant geckos
  5 giant cockroaches
  5 goblins
  5 hobgoblins
  5 kobolds
  A quokka (D:2)
  8 bats
  2 giant newts
  4 rats
45 creatures vanquished.

Notes
Turn   | Place    | Note
--------------------------------------------------------------
     0 | D:1      | Kirkhe the Octopode Transmuter began the quest for the Orb.
     0 | D:1      | Reached XP level 1. HP: 13/13 MP: 3/3
   380 | D:1      | Reached XP level 2. HP: 18/18 MP: 5/5
   670 | D:1      | Reached XP level 3. HP: 14/23 MP: 6/6
   996 | D:2      | Noticed Jessica
  1000 | D:2      | Found a basalt altar of Yredelemnul.
  1004 | D:2      | Killed Jessica
  1004 | D:2      | Reached skill level 4 in Unarmed Combat
  1004 | D:2      | Reached XP level 4. HP: 28/28 MP: 5/7
  1113 | D:2      | Noticed Crazy Yiuf
  1121 | D:2      | Killed Crazy Yiuf
  1414 | D:2      | Found an opulent altar of Gozag.
  1433 | D:2      | Found a glowing silver altar of Zin.
  1604 | D:2      | Learned a level 3 spell: Spider Form
  1650 | D:2      | Reached XP level 5. HP: 23/33 MP: 7/9
  1921 | D:3      | Noticed Grinder
  1928 | D:3      | Paralysed by Grinder for 5 turns
  1928 | D:3      | HP: 1/33 [Grinder/nerve-wracking pain (14)]
  1929 | D:3      | Slain by a hobgoblin

Skill      XL: |  1  2  3  4 |
---------------+-------------+-----
Unarmed Combat | 4 |  4.4
Spellcasting   | 3 |  3.0
Fighting       | |  1.0
Dodging        | |  2.0
Transmutations | |  2.8

Action                   |  1- 3 |  4- 6 || total
-------------------------+-------+-------++-------
Melee: Unarmed           |    54 |    66 ||   120
       Constrict         |    17 |    12 ||    29
       Tentacles         |     8 |    10 ||    18
       Kick              |    12 |    13 ||    25
       Punch             |       |     1 ||     1
 Cast: Beastly Appendage |    13 |    10 ||    23
       Spider Form       |       |     1 ||     1
  Use: Potion            |       |     6 ||     6
       Scroll            |       |     4 ||     4
 Stab: Sleeping          |     4 |     3 ||     7
       Invisible         |       |     1 ||     1
  Eat: Chunk             |       |     4 ||     4
Armor: Skin              |     4 |     5 ||     9
Dodge: Dodged            |    20 |    45 ||    65
